 Dungeon Crawl Stone Soup version 0.32-a0-931-g5a2cda0 (webtiles) character file.

Game seed: 8537962441650696257

11 9stopf the Shield-Bearer (level 2, 0/21 HPs)
             Began as an Octopode Fighter on Apr 13, 2024.
             Constricted to death by a ball python (2 damage)
             ... on level 1 of the Dungeon.
             The game lasted 00:00:36 (129 turns).

9stopf the Shield-Bearer (Octopode Fighter)          Turns: 129, Time: 00:00:38

Health: 0/21       AC:  1    Str: 15    XL:     2   Next: 29%
Magic:  2/2        EV:  2    Int: 10    God:
Gold:   34         SH:  4    Dex: 11    Spells: 1/1 levels left

rFire   . . .        a - +0 long sword
rCold   . . .        b - +0 buckler
rNeg    . . .        (helmet restricted)
rPois   .            (no amulet)
rElec   .            (no ring)
rCorr   .            (no ring)
SInv    .            (no ring)
Will    .....        (no ring)
Stlth   +++          (no ring)
HPRegen 0.23/turn    (no ring)
MPRegen 0.08/turn    (no ring)
                     (no ring)

%: no passive effects
@: constricted
A: almost no armour, amphibious, 8 rings, camouflage 1, gelatinous body 1,
(nimble swimmer 1), tentacles
a: no special abilities


You were on level 1 of the Dungeon.
You visited 1 branch of the dungeon, and saw 1 of its levels.

You collected 34 gold pieces.

Inventory:

Hand Weapons
 a - a +0 long sword (weapon)
Missiles
 e - 5 curare-tipped darts (quivered)
Armour
 b - a +0 buckler (worn)
Potions
 c - a potion of might
 d - a potion of mutation {unknown}


   Skills:
 - Level 3.0 Fighting
 + Level 2.4 Long Blades
 - Level 3.0 Dodging
 + Level 1.9 Stealth
 - Level 3.0 Shields


You had one spell level left.
You didn't know any spells.
Your spell library was empty.

Dungeon Overview and Level Annotations

Branches:
Dungeon (1/15)

Altars:


Innate Abilities, Weirdness & Mutations

You cannot wear most types of armour.
You are amphibious.
You can wear up to eight rings at the same time.
Your skin changes colour to match your surroundings (Stealth+).
Your rubbery body absorbs attacks. (AC +1, EV +1)
((You are camouflaged when in or above water. (Stealth+)))
You have tentacles for arms and can constrict up to eight enemies at once.


Message History

A rat is nearby!
A rat is nearby!
Found a leather armour.
The helpless rat fails to defend itself.
You hit the rat but do no damage. Your grab misses the rat.
The rat closely misses you.
You closely miss the rat. You grab the rat. You constrict the rat.
You kill the rat!
You see here a +0 leather armour.
A kobold comes into view. It is wielding a +0 dagger.
A kobold is nearby!
A kobold is nearby!
A goblin comes into view. It is wielding a +0 club.
Found a robe.
The kobold shouts!
The goblin shouts!
You hear an angry hiss.
The kobold throws a stone.
The stone barely misses you.
The kobold throws a stone.
The stone hits you.
A ball python comes into view.
Found 11 gold pieces.
The kobold hits you with a +0 dagger.
You miss the kobold. You grab the kobold. You constrict the kobold.
You kill the kobold!
You barely miss the goblin. Your grab misses the goblin.
Your squeeze misses the goblin. The ball python misses you.
The ball python grabs you. The ball python constricts you.
The goblin hits you with a +0 club. The ball python bites you.
The ball python constricts you.
You are too injured to fight recklessly!
You are too injured to fight recklessly!
The ball python's grasp on you weakens, but your attempt to escape fails.
The goblin hits you with a +0 club.
* * * LOW HITPOINT WARNING * * *
You block the ball python's attack. The ball python constricts you.
* * * LOW HITPOINT WARNING * * *
You hit the goblin but do no damage. You grab the goblin.
You squeeze the goblin.
You kill the goblin!
The ball python bites you.
* * * LOW HITPOINT WARNING * * *
The ball python constricts you.
You die...

........###
#.#......#
##...#.#
.####..[### #
..........###.#
..............#.#
.................
.####..##.#####..
#.. #@#
#...))S......
#.........$..
#.###.#.###.# ..
#.#.# #. #[#.# .
#.# # #.#


You could see a ball python.

Vanquished Creatures
  An endoplasm (D:1)
  2 goblins (D:1)
  2 hobgoblins (D:1)
  A quokka (D:1)
  2 ball pythons (D:1)
  2 frilled lizards (D:1)
  A kobold (D:1)
  A rat (D:1)
12 creatures vanquished.

Notes
Turn   | Place    | Note
-------+----------+-------------------------------------------
     0 | D:1      | 9stopf the Octopode Fighter began the quest for the Orb.
     0 | D:1      | Reached XP level 1. HP: 16/16 MP: 1/1
    55 | D:1      | Reached skill level 1 in Stealth
    64 | D:1      | Reached XP level 2. HP: 12/21 MP: 2/2
   129 | D:1      | Constricted to death by a ball python

Illustrated notes

Levels and vault maps discovered:
D:1:      nzn_arrival_crosshair, layout_loops_ring,
          chequers_serial_rivers_micro_a

Skill      XL: |  1 |
---------------+----+-----
Stealth        | 1 |  1.9
Fighting       | |  3.0
Long Blades    | |  2.4
Dodging        | |  3.0
Shields        | |  3.0

Action                     || total
---------------------------++-------
  Melee: Long sword        ||    19
         Constrict         ||     7
         Tentacles         ||     3
   Stab: Sleeping          ||     3
 Armour: Skin              ||    16
  Dodge: Dodged            ||    13
  Block: Buckler           ||     1

Table legend: (Time is in decaauts)
 A = Elapsed time spent in this place.
 B = Non-inter-level travel time spent in this place.
 C = Inter-level travel time spent in this place.
 D = Time resting spent in this place.
 E = Time spent auto-exploring this place.
 F = Levels seen in this place.
 G = Mean time per level.
                   A        B        C        D        E       F      G
               +--------+--------+--------+--------+--------+-----+--------+
         Total |    134 |    134 |      0 |      0 |     58 |   1 |  134.0 |
       Dungeon |    134 |    134 |      0 |      0 |     58 |   1 |  134.0 |
               +--------+--------+--------+--------+--------+-----+--------+

Top non-repeatable levels by time:
     D:1: 134 daAuts
